 Dungeon Crawl Stone Soup version 0.28.0-43-g3370ac3207 (webtiles) character file.

Game seed: 2008896875872802441

6402 Kaptain the Digger (level 10, -4/71 HPs)
             Began as an Octopode Earth Elementalist on Mar 16, 2022.
             Slain by an orc warrior
             ... wielding a +0 scimitar
              (19 damage)
             ... on level 8 of the Dungeon.
             The game lasted 00:20:01 (10961 turns).

Kaptain the Digger (Octopode Earth Elementalist)   Turns: 10961, Time: 00:20:03

Health: -4/71      AC:  8    Str:  8    XL:     10   Next: 98%
Magic:  1/20       EV: 17    Int: 22    God:
Gold:   498        SH: 12    Dex: 12    Spells: 18/22 levels left

rFire   . . .      SeeInvis .   B - +0 flail (protect)
rCold   . . .      Faith    .   y - +5 kite shield "Besoupef" {rPois rCorr}
rNeg    . . .      Spirit   .   (helmet restricted)
rPois   +          Reflect  .   (no amulet)
rElec   .          Harm     .   w - +4 ring of evasion
rCorr   +          Rampage  .   D - ring of willpower
Will    +....                   (no ring)
Stlth   ++++......              (no ring)
HPRegen 0.21/turn               (no ring)
MPRegen 0.17/turn               (no ring)
                                (no ring)
                                (no ring)

@: under a protective aura
A: almost no armour, amphibious, 8 rings, camouflage 1, gelatinous body 1,
(nimble swimmer 1), tentacles
a: no special abilities


You were on level 8 of the Dungeon.
You visited 2 branches of the dungeon, and saw 9 of its levels.

You collected 498 gold pieces.

Inventory:

Hand Weapons
 a - a +2 short sword of venom
 d - a +2 dire flail of holy wrath
 g - a +0 hunting sling
 s - a +0 trident
 A - a +0 rapier of draining
 B - a +0 flail of protection (weapon)
 F - the +9 whip of Severance {vorpal, *Corrode *Slow Str+7 Dex+4}
   (You found it on level 5 of the Dungeon)

   It inflicts extra damage upon your enemies.
   Str:       It affects your strength (+7).
   Dex:       It affects your dexterity (+4).
   *Corrode:  It may corrode you when you take damage.
   *Slow:     It may slow you when you take damage.
 H - a +2 war axe
Missiles
 b - 69 stones
 c - 9 poisoned darts
 k - a curare-tipped dart
 v - 19 sling bullets
 C - 5 atropa-tipped darts
 G - 2 throwing nets
Armour
 e - a +0 tower shield
 y - the +5 kite shield "Besoupef" (worn) {rPois rCorr}
   (You found it on level 7 of the Dungeon)

   rPois:     It protects you from poison.
   rCorr:     It protects you from acid and corrosion.
Magical Staves
 n - a staff of death
 I - a staff of fire
Jewellery
 w - a +4 ring of evasion (left tentacle)
 D - a ring of willpower (right tentacle)
Wands
 x - a wand of iceblast (13)
 z - a wand of flame (1)
Scrolls
 h - a scroll of amnesia
 l - 2 scrolls of enchant armour
 m - a scroll of identify
 p - 2 scrolls of magic mapping
 E - 4 scrolls of teleportation
Potions
 f - a potion of might
 i - 2 potions of flight
 j - a potion of invisibility {unknown}
 o - 2 potions of brilliance {unknown}
 q - 2 potions of degeneration {unknown}
 r - a potion of mutation {unknown}
 t - 3 potions of cancellation
 u - 2 potions of lignification
 L - a potion of heal wounds
Miscellaneous
 J - a phial of floods
 K - a condenser vane


   Skills:
 * Level 7.2 Fighting
 + Level 5.4 Dodging
 + Level 7.6 Stealth
 + Level 1.5 Shields
 * Level 6.8 Spellcasting
 * Level 7.2 Conjurations
 - Level 1.0 Transmutations
 * Level 7.8 Earth Magic


You had 18 spell levels left.
You knew the following spells:

 Your Spells              Type           Power      Damage    Failure   Level
a - Sandblast             Erth           84%        2d18      1%          1
b - Stone Arrow           Conj/Erth      80%        3d12      3%          3

Your spell library contained the following spells:

 Spells                   Type           Power      Damage    Failure   Level
 Passwall                 Tmut/Erth      22%        N/A       7%          2
 Petrify                  Tmut/Erth      27%        N/A       41%         4


Dungeon Overview and Level Annotations

Branches:
Dungeon (8/15)             Temple (1/1) D:6
   Lair: D:8-11

Altars:
Ashenzari
Cheibriados
Dithmenos
Elyvilon
Fedhas
Gozag
Hepliaklqana
Kikubaaqudgha
Makhleb
Nemelex Xobeh
Okawaru
Qazlal
Ru
Sif Muna
Trog
Uskayaw
Vehumet
Wu Jian
Xom
Yredelemnul
Zin
The Shining One

Shops:
D:1 (*[   D:7 *


Innate Abilities, Weirdness & Mutations

You cannot wear most types of armour.
You are amphibious.
You can wear up to eight rings at the same time.
Your skin changes colour to match your surroundings (Stealth+).
Your rubbery body absorbs attacks. (AC +1, EV +1)
((You are camouflaged when in or above water. (Stealth+)))
You have tentacles for arms and can constrict up to eight enemies at once.


Message History

The stone arrow hits the orc warrior!
The orc warrior is heavily wounded.
Unknown command.
Casting: Stone Arrow (dangerous; 3% risk of failure)
Confirm with . or Enter, or press ? or * to list all spells.
Aiming: Sandblast (safe; 1% risk of failure)
Press: ? - help, Shift-Dir - straight line, f/p - orc warrior
Aim: an orc warrior, wielding a +0 scimitar and wearing a +0 plate armour (heavily wounded, 83% to hit)
The blast of sand hits the orc warrior but does no damage.
The orc warrior is heavily wounded.
The orc warrior hits you with a +0 scimitar!
Casting: Sandblast (safe; 1% risk of failure)
Confirm with . or Enter, or press ? or * to list all spells.
Aiming: Sandblast (safe; 1% risk of failure)
Press: ? - help, Shift-Dir - straight line, f/p - orc warrior
Aim: an orc warrior, wielding a +0 scimitar and wearing a +0 plate armour (heavily wounded, 83% to hit)
The blast of sand hits the orc warrior.
The orc warrior is heavily wounded.
The orc warrior hits you with a +0 scimitar!!
You barely miss the orc warrior. You grab the orc warrior.
You squeeze the orc warrior.
The orc warrior is severely wounded.
You constrict the orc warrior, but do no damage.
The orc warrior hits you with a +0 scimitar!!
You hit the orc warrior but do no damage.
Your weapon exudes an aura of protection.
Your squeeze misses the orc warrior.
The orc warrior is severely wounded.
You constrict the orc warrior. You block the orc warrior's attack.
The orc warrior hits you with a +0 scimitar!
* * * LOW HITPOINT WARNING * * *
You release your grip on the orc warrior.
Casting: Sandblast (safe; 1% risk of failure)
Confirm with . or Enter, or press ? or * to list all spells.
Aiming: Stone Arrow (dangerous; 3% risk of failure)
Press: ? - help, Shift-Dir - straight line, f/p - orc warrior
Aim: an orc warrior, wielding a +0 scimitar and wearing a +0 plate armour (severely wounded, 76% to hit)
The stone arrow misses the orc warrior.
The orc warrior hits you with a +0 scimitar!!
You die...

#.##.# #.# #.##.# #.#
#.##.###.# ## #.##..##.#
.. #.###.##.# #. #.#
#.##.# ###. #.# #.##.# #
#... ####.###.##.#
#####)##.## #.#.
#...#.##.##.# #.@o.))...<
#.
#.##.###.##.###.#########
#... #.####
#......#.###### #... #.#
#.####.......... #.#. #.#
#.# ####.###### #.#. #.#
#.. .# .... #.# ### .# #
#.. #.# .# #.. #.########
.# #.


You could see an orc warrior.

Vanquished Creatures
  4 two-headed ogres
  Sigmund (D:5)
  A yak (D:7)
  A wraith (D:7)
  A shadow (D:7)
  Grum (D:8)
  A steam dragon (D:8)
  Menkaure (D:6)
  Edmund (D:5)
  A water moccasin (D:8)
  2 orc warriors
  2 black bears (D:7)
  An ogre (D:6)
  4 wolves (D:8)
  A necrophage (D:8)
  4 centaurs
  A kobold brigand (D:6)
  2 bullfrogs
  A water moccasin skeleton (D:7)
  6 wights (D:7)
  3 howler monkeys (D:7)
  A crimson imp (D:6)
  A centaur zombie (D:6)
  A hound (D:5)
  4 orc priests
  A jelly (D:7)
  A gnoll shaman (D:7)
  Crazy Yiuf (D:4)
  A centaur skeleton (D:5)
  2 bullfrog skeletons
  9 iguanas
  Jessica (D:3)
  Ijyb (D:4)
  Natasha (D:4)
  7 orc wizards
  2 howler monkey zombies
  A howler monkey skeleton (D:7)
  6 adders
  8 gnolls
  2 white imps
  An ufetubus (D:6)
  2 adder skeletons (D:4)
  A worm (D:3)
  12 orcs
  3 ball pythons
  5 bats
  6 endoplasms
  2 giant cockroaches (D:3)
  10 goblins
  A hobgoblin (D:3)
  2 quokkas
  A frilled lizard (D:1)
  10 kobolds
  2 rats
149 creatures vanquished.

Vanquished Creatures (others)
  A plant (D:5)
1 creature vanquished.

Grand Total: 150 creatures vanquished

Notes
Turn   | Place    | Note
-------+----------+-------------------------------------------
     0 | D:1      | Kaptain the Octopode Earth Elementalist began the quest for
                  | the Orb.
     0 | D:1      | Reached XP level 1. HP: 11/11 MP: 3/3
    49 | D:1      | Found a faded altar of an unknown god.
   128 | D:1      | Found Wimuciu's Antique Armour Boutique.
   163 | D:1      | Found Acuadyc's Assorted Antiques.
   270 | D:1      | Found Umnool's Weapon Emporium.
   345 | D:1      | Reached XP level 2. HP: 18/18 MP: 5/5
  1112 | D:2      | Reached skill level 1 in Fighting
  1183 | D:2      | Reached XP level 3. HP: 23/23 MP: 4/6
  1233 | D:2      | Reached skill level 1 in Conjurations
  1993 | D:3      | Noticed Jessica
  1997 | D:3      | Killed Jessica
  1998 | D:3      | Reached XP level 4. HP: 28/28 MP: 5/7
  2051 | D:3      | Learned a level 3 spell: Stone Arrow
  2160 | D:3      | Found a sparkling altar of Nemelex Xobeh.
  2165 | D:3      | Found a glowing silver altar of Zin.
  2182 | D:3      | Reached XP level 5. HP: 34/34 MP: 3/8
  2547 | D:3      | Found an opulent altar of Gozag.
  2844 | D:4      | Noticed Ijyb
  2850 | D:4      | Killed Ijyb
  3146 | D:4      | Found a runed translucent door.
  3147 | D:4      | Noticed Crazy Yiuf
  3153 | D:4      | Killed Crazy Yiuf
  3353 | D:4      | Noticed Natasha
  3357 | D:4      | Killed Natasha
  3358 | D:4      | Reached XP level 6. HP: 36/40 MP: 6/10
  3700 | D:5      | Entered Level 5 of the Dungeon
  4183 | D:5      | Identified the +9 whip of Severance {vorpal, *Corrode *Slow
                  | Str+7 Dex+4}
  4429 | D:5      | Reached XP level 7. HP: 45/45 MP: 8/12
  4902 | D:5      | Noticed Edmund
  4906 | D:5      | Noticed Sigmund
  4917 | D:5      | Killed Edmund
  5009 | D:5      | Killed Sigmund
  5397 | D:6      | Reached XP level 8. HP: 54/54 MP: 6/13
  5532 | D:6      | Reached skill level 5 in Earth Magic
  5931 | D:6      | Noticed Menkaure
  5935 | D:6      | Killed Menkaure
  5994 | D:6      | Found a burning altar of Makhleb.
  5995 | D:6      | Found a radiant altar of Vehumet.
  6086 | D:6      | Reached skill level 5 in Stealth
  6222 | D:6      | Found a staircase to the Ecumenical Temple.
  6231 | Temple   | Entered the Ecumenical Temple
  6348 | D:6      | Found an ancient bone altar of Kikubaaqudgha.
  7108 | D:7      | Found Unugag's Gadget Gallery.
  7389 | D:7      | Noticed a two-headed ogre
  7398 | D:7      | Killed a two-headed ogre
  7399 | D:7      | Reached skill level 5 in Fighting
  7399 | D:7      | Reached skill level 5 in Spellcasting
  7399 | D:7      | Reached skill level 5 in Conjurations
  7399 | D:7      | Reached XP level 9. HP: 11/61 MP: 2/16
  8958 | D:7      | Reached XP level 10. HP: 68/68 MP: 14/18
  9071 | D:7      | Noticed a two-headed ogre
  9121 | D:7      | Killed a two-headed ogre
  9820 | D:7      | Noticed a two-headed ogre
  9826 | D:7      | Killed a two-headed ogre
  9827 | D:7      | Reached skill level 5 in Dodging
  9837 | D:7      | Identified the +5 kite shield "Besoupef" {rPois rCorr}
 10155 | D:8      | Noticed a two-headed ogre
 10178 | D:8      | Killed a two-headed ogre
 10179 | D:8      | Reached skill level 1 in Shields
 10481 | D:8      | Noticed Grum
 10497 | D:8      | Killed Grum
 10961 | D:8      | Slain by an orc warrior

Illustrated notes

Levels and vault maps discovered:
D:1:      minmay_arrival_up_and_down, layout_basic, serial_shops,
          nicolae_shop_stone, shop_fountains, nicolae_diamond_shop,
          hellmonk_ecumenical_altar_run_dry, minmay_cut_off
D:2:      layout_basic
D:3:      layout_basic, mainiacjoe_overflow_big_doors,
          mainiacjoe_overflow_brackets, serial_bayou_lake_a, uniq_jessica
D:4:      layout_basic, uniq_natasha, uniq_ijyb, uniq_crazy_yiuf_cottage
D:5:      layout_basic, sigmund_edmund_badplayer, uniq_edmund
D:6:      layout_layer_cave, kiku_gazebo_garden_becter,
          grunt_temple_overflow_lords_of_destruction,
          minmay_temple_entry_statues, uniq_menkaure
D:7:      minmay_the_grid_four_pointed_star
          [minmay_the_grid_triangle_9x9_zippers_vertical,
          minmay_the_grid_triangle_9x9_alien,
          minmay_the_grid_triangle_9x9_wacky_v,
          minmay_the_grid_triangle_9x9_impossible_snake,
          minmay_the_grid_prize_shrinking_boxes], layout_cave_pods,
          nicolae_shop_gadgets
D:8:      layout_loops_ring, minivault_22, chequers_hall_statues_y,
          nicolae_water_bricks, uniq_grum
Temple:   nicolae_temple_x_marks_the_god

Skill      XL: |  1  2  3  4  5  6  7  8  9 10 |
---------------+-------------------------------+-----
Fighting       | 1 2 3 5 6 7 |  7.2
Stealth        | 3 4 5 6 7 |  7.6
Conjurations   | 1 2 3 5 6 7 |  7.2
Spellcasting   | 3 5 6 |  6.8
Earth Magic    | 4 6 7 |  7.8
Dodging        | 3 4 5 |  5.4
Shields        | 1 |  1.5
Transmutations | |  1.0

Action                   |  1- 3 |  4- 6 |  7- 9 | 10-12 || total
-------------------------+-------+-------+-------+-------++-------
Melee: Dagger            |    27 |     3 |       |       ||    30
       Constrict         |     5 |       |     3 |     1 ||     9
       Tentacles         |     4 |     3 |     7 |     1 ||    15
       Punch             |     1 |       |     1 |       ||     2
       Quarterstaff      |       |     9 |     4 |       ||    13
       Flail             |       |       |    20 |     3 ||    23
 Cast: Sandblast         |    25 |    55 |    48 |    25 ||   153
       Stone Arrow       |       |    10 |    74 |    43 ||   127
Evoke: Wand              |       |       |       |     1 ||     1
  Use: Scroll            |       |       |    15 |       ||    15
       Potion            |       |       |     3 |       ||     3
 Stab: Sleeping          |     6 |     1 |       |       ||     7
Armor: Skin              |     4 |     2 |     8 |     2 ||    16
Dodge: Dodged            |    33 |    19 |    60 |    15 ||   127
Block: Kite shield       |       |       |       |     5 ||     5
